 Dungeon Crawl Stone Soup version 0.25-a0-1073-gf4359a17dd (webtiles) character file.

Game seed: 6561487086161916409, levelgen mode: deterministic

21 Esekla the Magician (level 2, 0/18 HPs)
             Began as an Octopode Wizard on May 15, 2020.
             Was an Initiate of Qazlal.
             Slain by a howler monkey (7 damage)
             ... on level 4 of the Dungeon.
             The game lasted 00:11:32 (1179 turns).

Esekla the Magician (Octopode Wizard)               Turns: 1179, Time: 00:11:33

Health: 0/18       AC:  1    Str:  6    XL:     2   Next: 83%
Magic:  6/6        EV: 14    Int: 20    God:    Qazlal [......]
Gold:   15         SH:  0    Dex: 16    Spells: 5/8 levels left

rFire    . . .     SeeInvis .   i - +0 mace
rCold    . . .     Gourm    .   (no shield)
rNeg     . . .     Faith    .   a - +0 hat
rPois    .         Spirit   .   (no amulet)
rElec    .         Reflect  .   b - +6 ring of dexterity
rCorr    .         Harm     .   (no ring)
MR       .....                  (no ring)
Stlth    +++.......             (no ring)
HPRegen  0.06/turn              (no ring)
MPRegen  0.10/turn              (no ring)
                                (no ring)
                                (no ring)

@: no status effects
A: almost no armour, stealthy swim, amphibious, 8 rings, constrict 8, camouflage
1, gelatinous body 1
a: Renounce Religion


You were on level 4 of the Dungeon.
You worshipped Qazlal.
Qazlal was noncommittal.
You were hungry.

You visited 2 branches of the dungeon, and saw 5 of its levels.

You collected 15 gold pieces.

Inventory:

Hand Weapons
 i - a +0 mace (weapon)
Missiles
 h - 10 poisoned darts (quivered)
 l - 3 boomerangs
Armour
 a - a +0 hat (worn)
Jewellery
 b - a +6 ring of dexterity (left tentacle)
Scrolls
 d - a scroll of magic mapping {unknown}
 j - a scroll of teleportation {unknown}
 k - a scroll of blinking {unknown}
Potions
 e - a potion of stabbing {unknown}
 f - a potion of ambrosia {unknown}
 g - a potion of brilliance {unknown}
Comestibles
 c - 3 rations


   Skills:
 * Level 0.5 Fighting
 * Level 2.1 Dodging
 - Level 2.6 Stealth
 * Level 3.6 Spellcasting
 + Level 1.0 Conjurations
   Level 1.0 Summonings
 * Level 1.0 Translocations


You had 5 spell levels left.
You knew the following spells:

 Your Spells              Type           Power        Failure   Level  Hunger
a - Magic Dart            Conj           #...         9%          1    None
b - Blink                 Tloc           N/A          13%         2    ##.....

Your spell library contained the following spells:

 Spells                   Type           Power        Failure   Level  Hunger
 Call Imp                 Summ           #.......     13%         2    ##.....
 Slow                     Hex            #.......     21%         2    ##.....
 Conjure Flame            Conj/Fire      #.......     32%         3    ###....
 Mephitic Cloud           Conj/Pois/Air  #.......     34%         3    ###....


Dungeon Overview and Level Annotations

Branches:
Dungeon (4/15)             Temple (1/1) D:4

Altars:
Ashenzari
Dithmenos
Kikubaaqudgha
Makhleb
Qazlal
Vehumet
Xom
The Shining One

Annotations:
D:4 2 runed translucent doors, MirrMurr's ghost, novice DsGl


Innate Abilities, Weirdness & Mutations

You cannot wear most types of armour.
You are very stealthy in the water. (Stealth+)
You are amphibious.
You can wear up to eight rings at the same time.
You can use your tentacles to constrict eight enemies at once.
Your skin changes colour to match your surroundings (Stealth+).
Your rubbery body absorbs attacks. (AC +1, EV +1)


Message History

Confirm with . or Enter, or press ? or * to list all spells.
Aiming: Magic Dart (safe; 9% risk of failure)
Press: ? - help, Shift-Dir - straight line, f/p - ogre
Aim: an ogre, wielding a +0 giant spiked club (lightly wounded)
The magic dart hits the ogre.
The ogre is lightly wounded.
Casting: Magic Dart (safe; 9% risk of failure)
Confirm with . or Enter, or press ? or * to list all spells.
You blink.
The ogre hits you with a +0 giant spiked club.
You hear the brisk hiss of a very distant avalanche of sand.
You see here 9 stones.
A gnoll comes into view. It is wielding a +0 whip.
The gnoll shouts!
The howler monkey howls!
You hear a shout!
A gnoll comes into view. It is wielding a +0 flail.
The howler monkey hoots and howls with incredible vigour!
The gnoll shouts!
You hear a shout!
You hear an angry hiss.
The gnoll hits you with a +0 whip! The howler monkey hits you!
You die...

# ..... # .... ### ...### ..#
#.... #.# #### ... .. .... .≈$.§#
##..## ... ... ..# ≈#....≈ #....#
... .... #.# ≈≈⌠.#.. #....# ..g
.#...# ###@###..≈... #..... ...
g.....###.gh.####++####..... ....
.....g....O##...........#..
..g..###..##....###......O....###
..>.......#.....##.........#### #
.................#.....##..# #
.....(##...............###.## ###
.......#......#............<###..
....$..#......#...#...........#.#


You could see an ogre, a howler monkey and 2 gnolls.

Vanquished Creatures
  A leopard gecko (D:1)
  2 orcs (D:4)
  A giant cockroach (D:3)
  A hobgoblin (D:3)
  5 jackals (D:1)
  3 goblins
  A quokka skeleton (D:4)
  2 rats
16 creatures vanquished.

Notes
Turn   | Place    | Note
-------+----------+-------------------------------------------
     0 | D:1      | Esekla the Octopode Wizard began the quest for the Orb.
     0 | D:1      | Reached XP level 1. HP: 11/11 MP: 4/4
   183 | D:1      | Reached XP level 2. HP: 17/17 MP: 1/6
   386 | D:3      | Noticed a phantom
   689 | D:3      | Learned a level 2 spell: Blink
   774 | D:4      | Noticed an ogre
   821 | D:4      | Noticed a howler monkey
   848 | D:4      | Found a shadowy altar of Dithmenos.
   881 | D:4      | Found a staircase to the Ecumenical Temple.
   886 | Temple   | Entered the Ecumenical Temple
   910 | Temple   | Became a worshipper of Qazlal Stormbringer
  1016 | D:4      | Found a large runed translucent door.
  1016 | D:4      | Found a large runed translucent door.
  1018 | D:4      | Noticed MirrMurr's ghost (novice DsGl)
  1078 | D:4      | Found a burning altar of Makhleb.
  1179 | D:4      | Slain by a howler monkey

Illustrated notes

Levels and vault maps discovered:
D:1:      dpeg_arrival_long_road, layout_loops_ring
D:2:      layout_basic, lemuel_round_altar
D:3:      layout_basic, nicolae_ru_awakened_eye,
          lemuel_zombie_altar_yredelemnul, first_ration, minmay_cut_off
D:4:      layout_cave_pools, marbit_many_paths,
          grunt_dithmenos_smoke_and_mirrors, minmay_temple_entry_steel_oval,
          ebering_ghost_disaster_area, enter_ossuary_3
Temple:   oiseaux_autumnal_temple

Action                   || total
-------------------------++-------
Melee: Unarmed           ||    18
       Constrict         ||     9
       Tentacles         ||     5
       Mace              ||     2
 Cast: Magic Dart        ||    28
       Blink             ||     1
Armor: Skin              ||     1
Dodge: Dodged            ||    21

Table legend:
 A = Non-vault XP
 B = Vault XP
 C = Vault XP percentage of total XP
 D = Non-vault monster count
 E = Vault monster count
 F = Vault count percentage of total count
                 A         B        C        D         E       F
            +---------+---------+-------+---------+---------+-------
      Total |      26 |       4 |  13.3 |      14 |       2 |  12.5
            +---------+---------+-------+---------+---------+-------
        D:1 |      17 |       0 |   0.0 |       9 |       0 |   0.0
        D:2 |       1 |       0 |   0.0 |       1 |       0 |   0.0
        D:3 |       1 |       4 |  80.0 |       1 |       2 |  66.7
        D:4 |       7 |       0 |   0.0 |       3 |       0 |   0.0
            +---------+---------+-------+---------+---------+-------
